TOP OF THE 1ST |
Lexington BC batting - Pitching for Brooklyn Dodgers : LHP Todd Hines
|
Pitching: LHP Todd Hines
|
|
Batting: RHB Brett Robinson
|
0-0: Ball 1-0: Bunt for hit - play at first, batter safe!
|
Batting: RHB Andre Dixon
|
0-0: Ball 1-0: Called Strike 1-1: Foul Ball, location: 2F 1-2: SINGLE (Line Drive, 4MD) Brett Robinson to second
|
Batting: RHB Juan Cabrera
|
0-0: Ball 1-0: Called Strike 1-1: Ball 2-1: SINGLE (Line Drive, 9S) Brett Robinson to third Andre Dixon to second Runner from 3rd tries for Home, SAFE, throw made at trailing runner, SAFE at third!
|
Batting: RHB Júlio Gruzmán
|
0-0: Swinging Strike 0-1: Ball 1-1: Ball 2-1: Ball 3-1: Foul Ball, location: 2F 3-2: Base on Balls Juan Cabrera to second
|
Batting: RHB Ed Hopkins
|
0-0: Ball 1-0: Called Strike 1-1: SINGLE (Flyball, 8RS) Andre Dixon scores Juan Cabrera to third Júlio Gruzmán to second Runner from 3rd tries for Home, SAFE, no throw or cutoff
|
Batting: RHB Steve Dunn
|
0-0: Called Strike 0-1: Ball 1-1: Foul Ball, location: 2F 1-2: Strikes out looking
|
Batting: RHB Yoshiyuki Sasaki
|
0-0: Ball 1-0: Ball 2-0: Grounds into double play, 6-4-3 (Groundball, 6)
|
Top of the 1st over - 3 run(s), 4 hit(s), 0 error(s), 1 left on base; Lexington 3 - Brooklyn 0 |
BOTTOM OF THE 1ST |
Brooklyn Dodgers batting - Pitching for Lexington BC : LHP Hallinan Udny
|
Pitching: LHP Hallinan Udny
|
|
Batting: RHB Sean Davis
|
0-0: Ball 1-0: Ball 2-0: Called Strike 2-1: Ball 3-1: Bunt missed! 3-2: SINGLE (Groundball, 6MD)
|
Batting: LHB Rubén López
|
0-0: Called Strike 0-1: Ball 1-1: Called Strike 1-2: Ball 2-2: Ball 3-2: Fielders Choice at 2nd, 2-6 (Groundball, 2R)
|
Batting: LHB Chris Gregory
|
0-0: Called Strike 0-1: Foul Ball, location: 2F 0-2: Fly out, F5 (Popup, 5SF)
|
Batting: LHB Ray Sears
|
0-0: Fly out, F6 (Popup, 6MD)
|
Bottom of the 1st over - 0 run(s), 1 hit(s), 0 error(s), 1 left on base; Lexington 3 - Brooklyn 0 |
TOP OF THE 2ND |
Lexington BC batting - Pitching for Brooklyn Dodgers : LHP Todd Hines
|
Batting: RHB Reece White
|
0-0: Ball 1-0: Ball 2-0: Foul Ball, location: 2F 2-1: Ground out 6-3 (Groundball, 6)
|
Batting: SHB Hallinan Udny
|
0-0: Swinging Strike 0-1: Foul Ball, location: 2F 0-2: Ground out 3-1 (Groundball, 34)
|
Batting: RHB Brett Robinson
|
0-0: Foul Ball, location: 2F 0-1: Ball 1-1: Swinging Strike 1-2: Ball 2-2: Strikes out looking
|
Top of the 2nd over - 0 run(s), 0 hit(s), 0 error(s), 0 left on base; Lexington 3 - Brooklyn 0 |
BOTTOM OF THE 2ND |
Brooklyn Dodgers batting - Pitching for Lexington BC : LHP Hallinan Udny
|
Batting: LHB Pancho García
|
0-0: Foul Ball, location: 2F 0-1: Hit by Pitch
|
Batting: LHB Roberto Rodríguez
|
0-0: Ball 1-0: Called Strike 1-1: Foul Ball, location: 2F 1-2: Ball 2-2: Strikes out swinging
|
Batting: LHB William Hansen
|
0-0: Ground out 3-1 (Groundball, 34) Pancho García to second
|
Batting: SHB Shojiro Kimura
|
0-0: Ball 1-0: Ball 2-0: Called Strike 2-1: Swinging Strike 2-2: Ball 3-2: Base on Balls
|
Batting: LHB Todd Hines
|
0-0: Called Strike 0-1: Swinging Strike 0-2: Strikes out swinging
|
Bottom of the 2nd over - 0 run(s), 0 hit(s), 0 error(s), 2 left on base; Lexington 3 - Brooklyn 0 |
TOP OF THE 3RD |
Lexington BC batting - Pitching for Brooklyn Dodgers : LHP Todd Hines
|
Batting: RHB Andre Dixon
|
0-0: Ball 1-0: Ball 2-0: Called Strike 2-1: Called Strike 2-2: Ground out U3 (Groundball, 3)
|
Batting: RHB Juan Cabrera
|
0-0: Ball 1-0: Called Strike 1-1: Foul Ball, location: 2F 1-2: Strikes out swinging
|
Batting: RHB Júlio Gruzmán
|
0-0: Foul Ball, location: 2F 0-1: Called Strike 0-2: Strikes out swinging
|
Top of the 3rd over - 0 run(s), 0 hit(s), 0 error(s), 0 left on base; Lexington 3 - Brooklyn 0 |
BOTTOM OF THE 3RD |
Brooklyn Dodgers batting - Pitching for Lexington BC : LHP Hallinan Udny
|
Batting: RHB Sean Davis
|
0-0: Swinging Strike 0-1: Swinging Strike 0-2: Strikes out looking
|
Batting: LHB Rubén López
|
0-0: Ball 1-0: Ball 2-0: Fly out, F8 (Line Drive, 8RS)
|
Batting: LHB Chris Gregory
|
0-0: Swinging Strike 0-1: Foul Ball, location: 2F 0-2: Ball 1-2: Ball 2-2: Foul Ball, location: 2F 2-2: Ball 3-2: Base on Balls
|
Batting: LHB Ray Sears
|
0-0: Ball 1-0: Ball 2-0: Called Strike 2-1: Called Strike 2-2: Strikes out swinging
|
Bottom of the 3rd over - 0 run(s), 0 hit(s), 0 error(s), 1 left on base; Lexington 3 - Brooklyn 0 |
TOP OF THE 4TH |
Lexington BC batting - Pitching for Brooklyn Dodgers : LHP Todd Hines
|
Batting: RHB Ed Hopkins
|
0-0: Ball 1-0: Ball 2-0: Foul Ball, location: 2F 2-1: Swinging Strike 2-2: Foul Ball, location: 2F 2-2: Foul Ball, location: 2F 2-2: Foul Ball, location: 2F 2-2: Ball 3-2: Base on Balls
|
Batting: RHB Steve Dunn
|
0-0: Ball 1-0: Foul Ball, location: 2F 1-1: Foul Ball, location: 2F Single, Error in OF, E9, batter to second base Ed Hopkins to third
|
Batting: RHB Yoshiyuki Sasaki
|
0-0: Called Strike 0-1: Ball 1-1: Called Strike 1-2: Fly out, F9 (Flyball, 9D) Runner from 3rd tags up, SCORES, no throw
|
Batting: RHB Reece White
|
0-0: Ball 1-0: Swinging Strike 1-1: Ball 2-1: Called Strike 2-2: Strikes out swinging
|
Batting: SHB Hallinan Udny
|
0-0: SINGLE (Line Drive, 9LM) Steve Dunn to third
|
Batting: RHB Brett Robinson
|
0-0: Ground out 5-3 (Groundball, 5S)
|
Top of the 4th over - 1 run(s), 2 hit(s), 1 error(s), 2 left on base; Lexington 4 - Brooklyn 0 |
BOTTOM OF THE 4TH |
Brooklyn Dodgers batting - Pitching for Lexington BC : LHP Hallinan Udny
|
Batting: LHB Pancho García
|
0-0: Ground out 2-3 (Groundball, 2R)
|
Batting: LHB Roberto Rodríguez
|
0-0: Ball 1-0: Fly out, F8 (Flyball, 8LD)
|
Batting: LHB William Hansen
|
0-0: Ball 1-0: Called Strike 1-1: Ball 2-1: Foul Ball, location: 2F 2-2: Ball 3-2: Foul Ball, location: 2F 3-2: Base on Balls
|
Batting: SHB Shojiro Kimura
|
0-0: Ball 1-0: Foul Ball, location: 2F 1-1: Ball 2-1: Foul Ball, location: 2F 2-2: Foul Ball, location: 2F 2-2: Ball 3-2: Base on Balls William Hansen to second
|
Pinch Hitting: RHB Luis Rivas
|
0-0: Ball 1-0: Called Strike 1-1: Swinging Strike 1-2: Ball 2-2: Ball 3-2: Foul Ball, location: 2F 3-2: Base on Balls William Hansen to third Shojiro Kimura to second
|
Batting: RHB Sean Davis
|
0-0: Ball 1-0: Ball 2-0: DOUBLE (Line Drive, 5L) William Hansen scores Shojiro Kimura scores Luis Rivas to third
|
Batting: LHB Rubén López
|
0-0: Swinging Strike 0-1: Swinging Strike 0-2: Ball 1-2: Foul Ball, location: 2F 1-2: Strikes out looking
|
Bottom of the 4th over - 2 run(s), 1 hit(s), 0 error(s), 2 left on base; Lexington 4 - Brooklyn 2 |
TOP OF THE 5TH |
Lexington BC batting - Pitching for Brooklyn Dodgers : LHP Todd Hines
|
Pitching: RHP Ken Hinkle
|
|
Batting: RHB Andre Dixon
|
0-0: Called Strike 0-1: Ground out 2-3 (Groundball, 25)
|
Batting: RHB Juan Cabrera
|
0-0: Swinging Strike 0-1: Ball 1-1: Foul Ball, location: 2F 1-2: Strikes out swinging
|
Batting: RHB Júlio Gruzmán
|
0-0: Called Strike 0-1: Ball 1-1: Foul Ball, location: 2F 1-2: Strikes out swinging
|
Top of the 5th over - 0 run(s), 0 hit(s), 0 error(s), 0 left on base; Lexington 4 - Brooklyn 2 |
BOTTOM OF THE 5TH |
Brooklyn Dodgers batting - Pitching for Lexington BC : LHP Hallinan Udny
|
Batting: LHB Chris Gregory
|
0-0: Ball 1-0: Ball 2-0: Foul Ball, location: 2F 2-1: SINGLE (Line Drive, 34D)
|
Batting: LHB Ray Sears
|
0-0: Ball 1-0: Ball 2-0: Foul Ball, location: 2F 2-1: Ground out 4-3 (Groundball, 13) Chris Gregory to second
|
Batting: LHB Pancho García
|
0-0: Called Strike 0-1: Ball 1-1: SINGLE (Flyball, 89S) Chris Gregory to third Runner from 3rd tries for Home, SAFE, no throw or cutoff
|
Batting: LHB Roberto Rodríguez
|
0-0: Ball 1-0: Ball Wild Pitch! Pancho García to second 2-0: Ground out 1-3 (Groundball, 15)
|
Batting: LHB William Hansen
|
0-0: Ball 1-0: Ground out 4-3 (Groundball, 34)
|
Bottom of the 5th over - 1 run(s), 2 hit(s), 0 error(s), 1 left on base; Lexington 4 - Brooklyn 3 |
TOP OF THE 6TH |
Lexington BC batting - Pitching for Brooklyn Dodgers : RHP Ken Hinkle
|
Batting: RHB Ed Hopkins
|
0-0: Hit by Pitch
|
Batting: RHB Steve Dunn
|
0-0: DOUBLE (Line Drive, 7LM) Ed Hopkins to third
|
Batting: RHB Yoshiyuki Sasaki
|
0-0: Intentional Walk
|
Batting: RHB Reece White
|
0-0: Called Strike 0-1: Called Strike 0-2: Foul Ball, location: 2F 0-2: Strikes out swinging
|
Pinch Hitting: LHB Mike Gardner
|
0-0: Called Strike 0-1: Ball 1-1: Grounds into double play, U3-6 (Groundball, 3L)
|
Top of the 6th over - 0 run(s), 1 hit(s), 0 error(s), 2 left on base; Lexington 4 - Brooklyn 3 |
BOTTOM OF THE 6TH |
Brooklyn Dodgers batting - Pitching for Lexington BC : LHP Hallinan Udny
|
Pitching: RHP Neil Gilliam
|
|
Batting: SHB Shojiro Kimura
|
0-0: Ball 1-0: Called Strike 1-1: Foul Ball, location: 2F 1-2: Ball 2-2: SINGLE (Groundball, 4MD)
|
Pinch Hitting: LHB Martín Núńes
|
0-0: Called Strike 0-1: Ball 1-1: Called Strike 1-2: Foul Ball, location: 2F 1-2: Ball 2-2: Grounds into double play, 4-6-3 (Groundball, 4)
|
Batting: RHB Sean Davis
|
0-0: Swinging Strike 0-1: Foul Ball, location: 2F 0-2: Ball 1-2: Strikes out looking
|
Bottom of the 6th over - 0 run(s), 1 hit(s), 0 error(s), 0 left on base; Lexington 4 - Brooklyn 3 |
TOP OF THE 7TH |
Lexington BC batting - Pitching for Brooklyn Dodgers : RHP Ken Hinkle
|
Pitching: RHP John Watson
|
|
Batting: RHB Brett Robinson
|
0-0: Ball 1-0: Ground out 6-3 (Groundball, 6M)
|
Batting: RHB Andre Dixon
|
0-0: Ground out 6-3 (Groundball, 6)
|
Batting: RHB Juan Cabrera
|
0-0: Ball 1-0: Ball 2-0: Called Strike 2-1: Called Strike 2-2: Strikes out swinging
|
Top of the 7th over - 0 run(s), 0 hit(s), 0 error(s), 0 left on base; Lexington 4 - Brooklyn 3 |
BOTTOM OF THE 7TH |
Brooklyn Dodgers batting - Pitching for Lexington BC : RHP Neil Gilliam
|
Batting: LHB Rubén López
|
0-0: Ball 1-0: Foul Ball, location: 2F 1-1: Ball 2-1: Ball 3-1: Base on Balls
|
Batting: LHB Chris Gregory
|
0-0: Ball 1-0: Foul Ball, location: 2F 1-1: Ball 2-1: Ball 3-1: Grounds into double play, 1-6-3 (Groundball, 13)
|
Batting: LHB Ray Sears
|
0-0: Called Strike 0-1: Ball 1-1: SOLO HOME RUN (Flyball, 8RXD), Distance : 441 ft
|
Batting: LHB Pancho García
|
0-0: Called Strike 0-1: Ball 1-1: SINGLE (Groundball, 4M)
|
Batting: LHB Roberto Rodríguez
|
0-0: Called Strike 0-1: Fly out, F7 (Flyball, 7LM)
|
Bottom of the 7th over - 1 run(s), 2 hit(s), 0 error(s), 1 left on base; Lexington 4 - Brooklyn 4 |
TOP OF THE 8TH |
Lexington BC batting - Pitching for Brooklyn Dodgers : RHP John Watson
|
Batting: RHB Júlio Gruzmán
|
0-0: Called Strike 0-1: Swinging Strike 0-2: Ball 1-2: Ball 2-2: Fly out, F4 (Popup, 3DF)
|
Batting: RHB Ed Hopkins
|
0-0: Ball 1-0: Ball 2-0: Called Strike 2-1: Ball 3-1: Foul Ball, location: 2F 3-2: Foul Ball, location: 2F 3-2: SINGLE (Groundball, 6MD) (infield hit)
|
Batting: RHB Steve Dunn
|
0-0: Ground out 5-3 (Groundball, 5S) Ed Hopkins to second
|
Batting: RHB Yoshiyuki Sasaki
|
0-0: Swinging Strike 0-1: Ball 1-1: Called Strike 1-2: Ball 2-2: SINGLE (Line Drive, 89S) Ed Hopkins to third Runner from 3rd tries for Home, SAFE, no throw or cutoff
|
Pinch Hitting: RHB Vicente Díaz
|
0-0: Ball 1-0: Ball 2-0: Called Strike 2-1: Ball 3-1: Base on Balls Yoshiyuki Sasaki to second
|
Pinch Hitting: RHB Mark Allen
|
0-0: Called Strike 0-1: Ball 1-1: Foul Ball, location: 2F 1-2: Strikes out swinging
|
Top of the 8th over - 1 run(s), 2 hit(s), 0 error(s), 2 left on base; Lexington 5 - Brooklyn 4 |
BOTTOM OF THE 8TH |
Brooklyn Dodgers batting - Pitching for Lexington BC : RHP Neil Gilliam
|
Pitching: RHP Esteban Moreno
|
|
Now at 3B: Hiwahikeiki Noelani
|
|
Batting: LHB William Hansen
|
0-0: Ball 1-0: Foul Ball, location: 2F 1-1: Ball 2-1: Foul Ball, location: 2F 2-2: Ball 3-2: Foul Ball, location: 2F 3-2: Strikes out swinging
|
Batting: SHB Shojiro Kimura
|
0-0: Ball 1-0: Swinging Strike 1-1: Called Strike 1-2: Ground out 4-3 (Groundball, 4)
|
Pitching: RHP Guillermo García
|
|
Pinch Hitting: RHB Brad Perry
|
0-0: Ball 1-0: Foul Ball, location: 2F 1-1: Ball 2-1: Ball 3-1: Ground out 4-3 (Groundball, 4MS)
|
Bottom of the 8th over - 0 run(s), 0 hit(s), 0 error(s), 0 left on base; Lexington 5 - Brooklyn 4 |
TOP OF THE 9TH |
Lexington BC batting - Pitching for Brooklyn Dodgers : RHP John Watson
|
Pitching: RHP José Ramos
|
|
Batting: RHB Brett Robinson
|
0-0: Ball 1-0: Called Strike 1-1: Foul Ball, location: 2F 1-2: Strikes out looking
|
Batting: RHB Andre Dixon
|
0-0: Ball 1-0: Ground out 5-3 (Groundball, 56)
|
Batting: RHB Juan Cabrera
|
0-0: Called Strike 0-1: Ball 1-1: Fly out, F2 (Popup, 23F)
|
Top of the 9th over - 0 run(s), 0 hit(s), 0 error(s), 0 left on base; Lexington 5 - Brooklyn 4 |
BOTTOM OF THE 9TH |
Brooklyn Dodgers batting - Pitching for Lexington BC : RHP Guillermo García
|
Pitching: RHP Denny Marshall
|
|
Batting: RHB Sean Davis
|
0-0: Ball 1-0: Ball 2-0: Ball 3-0: Called Strike 3-1: Fly out, F8 (Flyball, 8LD)
|
Batting: LHB Rubén López
|
0-0: Foul Ball, location: 2F 0-1: Reached on error, E1 (Groundball, 15)
|
Batting: LHB Chris Gregory
|
0-0: Foul Ball, location: 2F 0-1: Called Strike 0-2: Foul Ball, location: 2F 0-2: Ball 1-2: Ball 2-2: Foul Ball, location: 2F 2-2: Strikes out swinging
|
Batting: LHB Ray Sears
|
0-0: Ball 1-0: Called Strike 1-1: Ball 2-1: Swinging Strike 2-2: Foul Ball, location: 2F 2-2: Strikes out swinging
|
Bottom of the 9th over - 0 run(s), 0 hit(s), 1 error(s), 1 left on base; Lexington 5 - Brooklyn 4 |
|